 Dungeon Crawl Stone Soup version 0.18.1-48-g4cf74bf (console) character file.

14603 Kloppie the Spear-Bearer (level 11, -1/97 HPs)
             Began as a Centaur Fighter on July 31, 2016.
             Was the Champion of Okawaru.
             Slain by a centaur (4 damage)
             ... on level 2 of the Lair of Beasts.
             The game lasted 00:28:25 (13028 turns).

Kloppie the Spear-Bearer (Centaur Fighter)         Turns: 13028, Time: 00:28:26

Health: -1/97      AC: 17    Str: 20    XL:     11   Next: 90%
Magic:  11/11      EV:  8    Int: 14    God:    Okawaru [******]
Gold:   643        SH:  0    Dex:  8    Spells: 0 memorised, 10 levels left

rFire  + . .     SeeInvis .     a - +10 trident {holy, Int+7 Dex-3}
rCold  + . .     Gourm    .     t - +0 troll leather armour
rNeg   . . .     Faith    +     (no shield)
rPois  .         Spirit   .     m - +1 helmet
rElec  .         Dismiss  .     u - +2 cloak
rCorr  .         Reflect  .     n - +0 pair of gloves
SustAt .         Harm     .     M - +1 centaur barding {rC+}
MR     .....                    I - amulet of faith
Stlth  +.........               w - +4 ring of slaying
                                y - ring of protection from fire

@: flying, very quick, not resistant to hostile enchantments, very unstealthy
A: hooves 3, deformed body, speed 2, tough skin 3
a: Heroism, Finesse, Renounce Religion


You were on level 2 of the Lair of Beasts.
You worshipped Okawaru.
Okawaru was exalted by your worship.
You were not hungry.

You visited 2 branches of the dungeon, and saw 14 of its levels.
You also visited: Labyrinth and Volcano.

You collected 643 gold pieces.

Inventory:

Hand Weapons
 a - the +10 trident "Hijuxt" (weapon) {holy, Int+7 Dex-3}
   (Okawaru gifted it to you on level 1 of the Lair of Beasts)

   It has been blessed by the Shining One to cause great damage to the undead
   and demons.
   It affects your intelligence (+7).
   It affects your dexterity (-3).
 S - a +1 trident
Armour
 c - a +0 shield
 l - a +0 leather armour of poison resistance
 m - a +1 helmet (worn)
 n - a +0 pair of gloves (worn)
 t - a +0 troll leather armour (worn)
 u - a +2 cloak (worn)
 M - a +1 centaur barding of cold resistance (worn)
 T - a +1 scale mail of fire resistance
Jewellery
 e - the ring "Ciareso" {rElec rC- rN+ AC+4 Int+2}
   (You took it off a minotaur in a labyrinth)

   [ring of protection]

   It affects your AC (+4).
   It affects your intelligence (+2).
   It makes you vulnerable to cold.
   It insulates you from electricity.
   It protects you from negative energy.
 w - a +4 ring of slaying (right hand)
 y - a ring of protection from fire (left hand)
 I - an amulet of faith (around neck)
 N - an uncursed ring of protection from cold
 Q - a +5 ring of strength
Wands
 d - a wand of paralysis (4/24)
 g - a wand of confusion (14/48)
 s - a wand of iceblast (9/15)
 E - a wand of disintegration (13/24)
 F - a wand of iceblast (14/15)
 J - a wand of acid (1/15)
 P - a wand of acid (5/15)
Scrolls
 k - 4 scrolls of remove curse
 B - 7 scrolls of teleportation
 C - 2 scrolls of enchant armour
 D - 3 scrolls of recharging
 G - 2 scrolls of enchant weapon
Potions
 b - a potion of might
 i - 3 potions of magic
 q - 2 potions of curing
 r - 2 potions of lignification
 v - 3 potions of agility
 x - a potion of haste
 z - 2 potions of cure mutation
 A - a potion of invisibility
 H - a potion of resistance
 O - a potion of flight
 R - a potion of berserk rage
 V - a potion of cancellation {unknown}
Books
 L - the Papyrus of the Compass
   (You found it in a labyrinth)

   Spells                             Type                      Level
   a - Blink                          Translocation                2
   b - Gell's Gravitas                Hexes/Translocation          3
   c - Portal Projectile              Translocation                3
   d - Teleport Other                 Translocation                3
   e - Force Lance                    Conjuration/Translocation    4
   f - Passage of Golubria            Translocation                4
Comestibles
 f - 9 bread rations
 h - 5 meat rations
 j - 4 beef jerkies
 o - 10 slices of pizza
 p - 10 fruits


   Skills:
 - Level 9.3 Fighting
 + Level 12.6 Polearms
 - Level 3.9 Armour
 - Level 5.2 Dodging
 + Level 5.5 Shields


You had 10 spell levels left.
You didn't know any spells.

Dungeon Overview and Level Annotations

Branches:
Dungeon (12/15)            Temple (0/1) D:5            Lair (2/8) D:9
    Orc (0/2) D:11

Altars:
Ashenzari
Dithmenos
Gozag
Kikubaaqudgha
Makhleb
Nemelex Xobeh
Okawaru
Pakellas
Sif Muna
Vehumet
Xom
Zin
The Shining One

Shops:
D:9 !


Innate Abilities, Weirdness & Mutations

You have hooves in place of feet.
Armour fits poorly on your strangely shaped body.
You cover ground very quickly.
You have extremely tough skin (AC +3).


Message History

* * * LOW HITPOINT WARNING * * *
You impale the centaur!!
You kill the centaur!
Okawaru accepts your kill.
The centaur hits you but does no damage.
The centaur hits you.
* * * LOW HITPOINT WARNING * * *
You puncture the centaur!
The centaur is moderately wounded.
The centaur hits you but does no damage.
The centaur hits you.
* * * LOW HITPOINT WARNING * * *
You closely miss the centaur. The centaur hits you!
* * * LOW HITPOINT WARNING * * *
The centaur hits you but does no damage.
You puncture the centaur! Your kick misses the centaur.
The centaur is severely wounded.
The centaur hits you but does no damage.
The centaur hits you.
You die...

*** ### ** ****
**#######≈###.#######
,****,,****##≈#)c...##≈#..#..##P#
,,,,,,,,,,,#≈##(@c..#≈≈#.........
,,,,,,,,,,,#≈≈#)≈≈≈≈≈≈###.......#
,,,,,,,,,,,#≈≈≈≈≈≈≈≈≈###........#
,,,****+,**##≈≈≈≈(≈≈≈# ###.......
,,,****,,***##≈≈≈≈(≈## #P.......
,,,**,,,,,,* #≈≈≈≈≈(# ##.......
,,,**,,,,,,**#....((#####.......#
...*,***,*,+*##..(#((....P......P
.%..*,,,**,+**#...#.....P.......P


You could see 2 centaurs.

Vanquished Creatures
  A minotaur (Lab)
  A hill giant (D:11)
  The ghost of Doomgape the Carver, a novice TeBe of Trog (D:6)
  2 ugly things (Volcano)
  A gargoyle (Volcano)
  A molten gargoyle (Volcano)
  4 spiny frogs
  A komodo dragon (Lair:2)
  3 trolls
  5 yaks (D:11)
  4 fire bats (D:11)
  A fire elemental (Volcano)
  A human (D:7)
  Eustachio (D:5)
  2 hippogriffs
  A mottled dragon (D:11)
  A hell hound (D:11)
  2 water moccasins
  A porcupine (Lair:2)
  A soldier ant (D:11)
  2 orc warriors
  5 sky beasts
  2 eyes of draining (D:9)
  2 black bears
  The ghost of ErikD the Skirmisher, an amateur HOFi of Qazlal (D:3)
  3 ice beasts
  A phantom (D:5)
  A necrophage (D:9)
  11 wolves
  7 ogres
  4 centaurs
  2 crocodiles
  6 giant frogs
  4 scorpions
  6 killer bees
  5 wights (D:11)
  4 electric eels (D:9)
  7 howler monkeys
  3 crimson imps
  A giant frog zombie (D:11)
  2 lava snakes (D:11)
  A quasit (D:9)
  3 jellies
  3 orc priests
  4 hounds
  4 centaur skeletons
  Ijyb (D:2)
  4 orc wizards
  9 worker ants
  7 iguanas
  A killer bee zombie (D:8)
  8 sheep
  A hound skeleton (D:7)
  A howler monkey skeleton (D:7)
  4 gnolls
  11 river rats
  13 adders
  3 shadow imps
  An adder zombie (D:7)
  An adder skeleton (D:9)
  3 worms
  3 dart slugs
  7 giant geckos
  23 orcs
  4 giant cockroaches
  21 goblins
  14 hobgoblins
  6 jackals
  A quokka (D:4)
  A ball python (D:7)
  8 bats
  9 giant newts
  A jackal skeleton (D:7)
  A jackal zombie (D:7)
  10 kobolds
  2 quokka skeletons
  4 rats
  4 fire vortices
316 creatures vanquished.

Vanquished Creatures (others)
  3 killer bees (D:9)
  A hound (D:9)
  A jelly (D:4)
  A worker ant (D:9)
  A hobgoblin (D:3)
  A fire vortex (D:11)
8 creatures vanquished.

Grand Total: 324 creatures vanquished

Notes
Turn   | Place    | Note
--------------------------------------------------------------
     0 | D:1      | Kloppie the Centaur Fighter began the quest for the Orb.
     0 | D:1      | Reached XP level 1. HP: 19/19 MP: 1/1
    47 | D:1      | Reached skill level 2 in Polearms
   272 | D:1      | Reached XP level 2. HP: 26/26 MP: 2/2
   759 | D:1      | Reached XP level 3. HP: 29/31 MP: 3/3
  1383 | D:2      | Reached skill level 3 in Polearms
  1437 | D:2      | Found a glowing golden altar of the Shining One.
  1659 | D:2      | Found an opulent altar of Gozag.
  1717 | D:2      | Reached XP level 4. HP: 40/40 MP: 4/4
  1887 | D:2      | Noticed Ijyb
  1919 | D:2      | Killed Ijyb
  2292 | D:3      | Found a shimmering altar of Xom.
  2293 | D:3      | Noticed an angel
  2297 | D:3      | Found a glowing silver altar of Zin.
  2305 | D:3      | Reached XP level 5. HP: 28/47 MP: 5/5
  2339 | D:3      | Noticed ErikD's ghost (amateur HOFi)
  2344 | D:3      | Killed ErikD's ghost
  2344 | D:3      | Reached skill level 4 in Polearms
  2450 | D:3      | Found a shattered altar of Ashenzari.
  2459 | D:3      | Reached skill level 5 in Fighting
  2509 | D:3      | Reached XP level 6. HP: 56/56 MP: 6/6
  2626 | D:3      | Found a radiant altar of Vehumet.
  2860 | D:3      | Found an iron altar of Okawaru.
  2926 | D:3      | Became a worshipper of Warmaster Okawaru
  3241 | D:4      | Found a sparkling altar of Nemelex Xobeh.
  3494 | D:4      | Reached skill level 5 in Polearms
  3575 | D:4      | Reached * piety under Okawaru
  3575 | D:4      | Reached XP level 7. HP: 40/62 MP: 7/7
  3828 | D:4      | Found an oddly glowing altar of Pakellas.
  3838 | D:4      | Noticed an orange crystal statue
  4023 | D:5      | Entered Level 5 of the Dungeon
  4127 | D:5      | Found an ancient bone altar of Kikubaaqudgha.
  4180 | D:5      | Noticed Eustachio
  4233 | D:5      | Killed Eustachio
  4306 | D:5      | Found a staircase to the Ecumenical Temple.
  4314 | D:5      | Reached skill level 6 in Polearms
  4405 | D:5      | Reached XP level 8. HP: 64/73 MP: 8/8
  4409 | D:5      | Reached ** piety under Okawaru
  4552 | D:5      | Found a shadowy altar of Dithmenos.
  4964 | D:5      | Reached skill level 7 in Polearms
  5037 | D:6      | Noticed Doomgape's ghost (novice TeBe)
  5051 | D:6      | Killed Doomgape's ghost
  5051 | D:6      | Reached XP level 9. HP: 62/82 MP: 6/9
  6079 | D:7      | Reached skill level 8 in Polearms
  6235 | D:7      | Found an opulent altar of Gozag.
  6553 | D:7      | Reached *** piety under Okawaru
  6553 | D:7      | Reached skill level 1 in Dodging
  6965 | D:7      | Reached skill level 9 in Polearms
  7539 | D:9      | Found a shimmering altar of Xom.
  7571 | D:9      | Reached **** piety under Okawaru
  7699 | D:9      | Found a deep blue altar of Sif Muna.
  7713 | D:9      | Reached XP level 10. HP: 90/91 MP: 10/10
  7836 | D:9      | Reached skill level 10 in Polearms
  8069 | D:9      | Found a burning altar of Makhleb.
  8077 | D:9      | Found a staircase to the Lair.
  8418 | D:10     | Entered Level 10 of the Dungeon
  8429 | D:10     | Reached ***** piety under Okawaru
  8610 | D:10     | Reached skill level 5 in Dodging
  8811 | D:10     | Received a gift from Okawaru
  9170 | D:11     | Reached skill level 11 in Polearms
  9428 | D:11     | Reached XP level 11. HP: 96/97 MP: 11/11
  9744 | D:11     | Noticed a hill giant
  9753 | D:11     | Killed a hill giant
  9933 | D:11     | Found a staircase to the Orcish Mines.
 10426 | D:12     | Noticed a death knight
 10586 | D:12     | Noticed a hill giant
 10775 | D:9      | Found Wovvypa's Distillery.
 11302 | Lair:1   | Entered Level 1 of the Lair of Beasts
 11337 | Lair:1   | Found a labyrinth entrance.
 11344 | Lab      | Entered a labyrinth
 11456 | Lab      | Noticed a minotaur
 11475 | Lab      | Killed a minotaur
 11478 | Lab      | Got a glittering pewter ring
 11479 | Lab      | Identified the ring "Ciareso" {rElec rC- rN+ AC+4 Int+2} (You took it off a minotaur in a labyrinth)
 11491 | Lab      | Identified the Papyrus of the Compass
 11732 | Lair:1   | Received a gift from Okawaru
 11732 | Lair:1   | Reached skill level 12 in Polearms
 11740 | Lair:1   | Got a bloodstained trident {god gift}
 11741 | Lair:1   | Identified the +10 trident "Hijuxt" {holy, Int+7 Dex-3} (Okawaru gifted it to you on level 1 of the Lair of Beasts)
 12528 | Lair:2   | Found a dark tunnel.
 12534 | Volcano  | Entered a volcano
 12578 | Volcano  | Noticed a red ugly thing
 12578 | Volcano  | Noticed a red ugly thing
 12585 | Volcano  | Killed a red ugly thing
 12596 | Volcano  | Killed a red ugly thing
 12639 | Volcano  | Reached skill level 5 in Shields
 13003 | Lair:2   | Reached ****** piety under Okawaru
 13010 | Lair:2   | Found a shimmering altar of Xom.
 13027 | Lair:2   | HP: 2/97 [centaur (7)]
 13028 | Lair:2   | Slain by a centaur

Skill      XL: |  1  2  3  4  5  6  7  8  9 10 11 |
---------------+----------------------------------+-----
Polearms       | 2 3 4 5 6 7 9 11 12 | 12.6
Fighting       | 4 5 7 8 9 |  9.3
Dodging        | 3 5 |  5.2
Armour         | 3 |  3.9
Shields        | 5 |  5.5

Action                   |  1- 3 |  4- 6 |  7- 9 | 10-12 || total
-------------------------+-------+-------+-------+-------++-------
Melee: Trident           |   146 |   184 |   361 |   587 ||  1278
       Kick              |    18 |    21 |    95 |   141 ||   275
Invok: Heroism           |       |       |     1 |     2 ||     3
Evoke: Wand              |       |       |       |    10 ||    10
  Use: Potion            |       |     1 |       |     3 ||     4
       Scroll            |       |     8 |    11 |    12 ||    31
 Stab: Confused          |       |       |     1 |       ||     1
  Eat: Chunk             |     2 |     5 |     9 |     6 ||    22
       Royal jelly       |       |       |     1 |       ||     1
       Meat ration       |       |       |       |     2 ||     2
Armor: Scale mail        |    51 |       |       |       ||    51
       Leather armour    |     7 |    72 |   156 |    26 ||   261
       Troll leather arm |       |       |       |   156 ||   156
Dodge: Dodged            |    31 |    77 |   125 |   142 ||   375
